 Dungeon Crawl Stone Soup version 0.28.0 (webtiles) character file.

Game seed: 715795966234391292

125 Crownlay the Skirmisher (level 4, -7/37 HPs)
             Began as a Demonspawn Chaos Knight on Feb 17, 2022.
             Was a Plaything of Xom.
             Splashed by a jelly's acid (10 damage)
             ... on level 3 of the Dungeon.
             The game lasted 00:03:56 (2689 turns).

Crownlay the Skirmisher (Demonspawn Chaos Knight)   Turns: 2689, Time: 00:03:57

Health: -7/37      AC:  2    Str: 15    XL:     4   Next: 82%
Magic:  4/4        EV: 11    Int: 13    God:    Xom [*.....]
Gold:   41         SH:  0    Dex: 12    Spells: 3/3 levels left

rFire   . . .      SeeInvis +     - Unarmed
rCold   . . .      Faith    .   (no shield)
rNeg    . . .      Spirit   .   j - +2 robe of Tata {Slay+2 SInv}
rPois   .          Reflect  .   h - +2 hat
rElec   .          Harm     .   (no cloak)
rCorr   .          Rampage  .   (no gloves)
Will    .....                   (no boots)
Stlth   +.........              (no amulet)
HPRegen 0.12/turn               (no ring)
MPRegen 0.09/turn               (no ring)

@: corroded
A: demonic touch 1
a: Renounce Religion


You were on level 3 of the Dungeon.
You worshipped Xom.
You were a special plaything of Xom.
You visited 1 branch of the dungeon, and saw 3 of its levels.

You collected 41 gold pieces.

Inventory:

Missiles
 k - a poisoned dart (quivered)
 m - 6 javelins
Armour
 h - a +2 hat (worn)
 j - the +2 robe of Tata (worn) {Slay+2 SInv}
   (You found it on level 2 of the Dungeon)

   Slay:      It affects your accuracy & damage with ranged weapons and melee
   (+2).
   SInv:      It lets you see invisible.
Wands
 e - a wand of charming (7)
Scrolls
 a - 2 scrolls of identify
 c - a scroll of vulnerability
 d - a scroll of enchant armour
 g - a scroll of teleportation
Potions
 b - a potion of berserk rage {unknown}
 f - 2 potions of brilliance {unknown}
 i - a potion of haste {unknown}
 l - a potion of degeneration {unknown}


   Skills:
 + Level 4.2 Fighting
 - Level 2.9 Polearms
 - Level 1.7 Armour
 - Level 0.8 Dodging
 * Level 2.9 Unarmed Combat


You had 3 spell levels left.
You didn't know any spells.
Your spell library contained the following spells:

 Spells                   Type           Power      Damage    Failure   Level
 Foxfire                  Conj/Fire      0%         2x1d4     30%         1
 Conjure Flame            Conj/Fire      0%         6-21      67%         3
 Inner Flame              Hex/Fire       0%         N/A       67%         3
 Summon Guardian Golem    Hex/Summ       0%         N/A       67%         3
 Flame Wave               Conj/Fire      0%         2d4       97%         4
 Orb of Destruction       Conj           0%         9d5       100%        7
 Spellforged Servitor     Conj/Summ      0%         N/A       100%        7


Dungeon Overview and Level Annotations

Branches:
Dungeon (3/15)

Altars:


Innate Abilities, Weirdness & Mutations

Your touch may inflict minor irresistible damage on your foes.


Message History

No target in view!
No target in view!
A rat comes into view.
You hit the rat.
The rat is moderately wounded.
The rat misses you.
You hit the rat.
You kill the rat!
No target in view!
No target in view!
A jelly comes into view.
Found 13 stones.
The jelly quivers.
The jelly moves out of view.
No target in view!
You throw a poisoned dart. The poisoned dart hits the jelly.
The jelly closely misses you.
You hit the jelly. The acid corrodes you!
Your hands burn!
The jelly is lightly wounded.
The jelly hits you but does no damage.
You hit the jelly but do no damage.
Your hands burn!
The jelly is lightly wounded.
The jelly hits you.
You are splashed with acid!
You hit the jelly. The acid corrodes you!
Your hands burn!
You touch the jelly.
The jelly is severely wounded. "Let's try an experiment, hmmm?"
Nothing appears to happen...
Ominous!
The jelly hits you.
You are splashed with acid!
* * * LOW HITPOINT WARNING * * *
You are too injured to fight recklessly!
You are too injured to fight recklessly!
You are too injured to fight recklessly!
You hit the jelly but do no damage.
Your hands burn!
* * * LOW HITPOINT WARNING * * *
The jelly is severely wounded.
The jelly hits you.
* * * LOW HITPOINT WARNING * * *
You are splashed with acid!
You die...
Xom chortles!

...#
#.....##############.##
.### #.....# #..# .#
###.### ##.# .# #.# #.# .#
#.# ### .####### #.# ######
.......## #.# ....(#.
..<.....## #.####.......
.........# #.#..@J....# ###
....†....# #.#.##.(...# #.#
.#####.#.###(#.# .....# #.#
.......#.#)..#.#########
#†#
.####....)..##.#.......#
#.# .# #.##.#..##.#.#####>#
#.# ^#
#.##.#..##.#.#####.######.#
.#
#.##......................#
.#
#.####..#.##.#####.########


You could see a jelly.

Vanquished Creatures
  Terence (D:2)
  3 gnolls
  An adder (D:3)
  A worm (D:2)
  7 dart slugs
  An orc (D:3)
  4 ball pythons
  4 endoplasms
  2 giant cockroaches
  7 goblins
  A hobgoblin (D:2)
  2 kobolds
  2 quokkas
  3 bats
  A frilled lizard (D:1)
  6 rats
46 creatures vanquished.

Notes
Turn   | Place    | Note
-------+----------+-------------------------------------------
     0 | D:1      | Crownlay the Demonspawn Chaos Knight began the quest for
                  | the Orb.
     0 | D:1      | Reached XP level 1. HP: 18/18 MP: 1/1
   351 | D:1      | Gained mutation: Your touch may inflict minor irresistible
                  | damage on your foes. [demonic ancestry]
   351 | D:1      | Reached XP level 2. HP: 24/24 MP: 2/2
   421 | D:1      | Found a faded altar of an unknown god.
   732 | D:1      | Reached skill level 1 in Unarmed Combat
  1002 | D:2      | Reached XP level 3. HP: 29/29 MP: 3/3
  1177 | D:2      | Identified the +2 robe of Tata {Slay+2 SInv}
  1178 | D:2      | XOM: silly message
  1269 | D:2      | XOM is BORED!
  1274 | D:2      | XOM: 3-stop teleportation journey
  1392 | D:2      | Noticed Terence
  1404 | D:2      | Killed Terence
  1510 | D:2      | Reached XP level 4. HP: 27/37 MP: 4/4
  1597 | D:2      | Reached skill level 4 in Fighting
  1710 | D:1      | XOM: silly message
  1717 | D:2      | XOM: 2-stop teleportation journey
  1928 | D:3      | XOM: enchant monster (bad)
  2363 | D:3      | XOM: silly message
  2688 | D:3      | XOM: silly message
  2689 | D:3      | Splashed by a jelly's acid

Illustrated notes

Levels and vault maps discovered:
D:1:      dpeg_arrival_more_subterranean_lakeside_camping, layout_basic,
          dreamdust_ecumenical_altar_angels_and_demons, skrybe_limestone_x,
          chequers_serial_rivers_large_b, nicolae_figureground_sparkle
D:2:      layout_loops_ring, uniq_terence
D:3:      layout_loops_cross, pf_just_have_faith, st_stairs_6

Skill      XL: |  1  2  3  4 |
---------------+-------------+-----
Unarmed Combat | 1 2 |  2.9
Fighting       | 4 |  4.2
Polearms       | |  2.9
Armour         | |  1.7
Dodging        | |  0.8

Action                   |  1- 3 |  4- 6 || total
-------------------------+-------+-------++-------
Melee: Spear             |    12 |       ||    12
       Unarmed           |   107 |    54 ||   161
       Touch             |    17 |     9 ||    26
       Punch             |     3 |     1 ||     4
Throw: Dart              |       |     6 ||     6
  Use: Potion            |     1 |       ||     1
       Scroll            |       |     3 ||     3
 Stab: Sleeping          |     1 |     1 ||     2
Armor: Leather armour    |    41 |       ||    41
       Robe              |     5 |    15 ||    20
Dodge: Dodged            |    76 |    30 ||   106
